 Dungeon Crawl Stone Soup version 0.29.1-12-g30fa7ad0bf (webtiles) character file.

Game seed: 17058171284120192098

174 mopl the Chopper (level 5, -1/38 HPs)
             Began as a Formicid Warper on Jan 6, 2023.
             Slain by an iguana (9 damage)
             ... on level 5 of the Dungeon.
             The game lasted 00:04:18 (2981 turns).

mopl the Chopper (Formicid Warper)                  Turns: 2981, Time: 00:04:18

Health: -1/38      AC:  5    Str: 17    XL:     5   Next: 84%
Magic:  8/8        EV: 13    Int: 13    God:
Gold:   66         SH:  8    Dex: 13    Spells: 8/8 levels left

rFire   . . .      SeeInvis +   a - +0 hand axe
rCold   . . .      Faith    .   r - +0 kite shield
rNeg    . . .      Spirit   .   d - +0 ring mail
rPois   .          Reflect  .   (helmet unavailable)
rElec   .          Harm     .   (no cloak)
rCorr   .          Rampage  .   (no gloves)
Will    .....                   (no boots)
Stlth   +.........              (no amulet)
HPRegen 0.12/turn               e - +4 ring of evasion
MPRegen 0.11/turn               (no ring)

@: no status effects
A: permanent stasis, dig shafts and tunnels, antennae 3, four strong arms
a: Dig, Shaft Self


You were on level 5 of the Dungeon.
You visited 1 branch of the dungeon, and saw 5 of its levels.

You collected 110 gold pieces.
You spent 44 gold pieces at shops.

Inventory:

Hand Weapons
 a - a +0 hand axe (weapon)
Missiles
 c - 7 boomerangs of dispersal (quivered)
Armour
 d - a +0 ring mail (worn)
 o - a +0 tower shield
 r - a +0 kite shield (worn)
Jewellery
 e - a +4 ring of evasion (left hand)
Scrolls
 b - a scroll of teleportation {unknown}
 f - 3 scrolls of identify {unknown}
 h - a scroll of noise {unknown}
 l - a scroll of enchant armour {unknown}
 p - a scroll of torment {unknown}
 q - a scroll of silence {unknown}
Potions
 g - a potion of berserk rage {unknown}
 i - a potion of mutation {unknown}
 j - a potion of might {unknown}
 k - a potion of haste {unknown}
 m - a potion of resistance {unknown}
 n - a potion of curing


   Skills:
 - Level 2.1 Fighting
 * Level 5.3 Axes
 - Level 1.0 Throwing
 - Level 1.1 Armour
 - Level 1.7 Dodging
 + Level 1.8 Shields
 - Level 2.1 Spellcasting
 - Level 2.6 Translocations


You had 8 spell levels left.
You didn't know any spells.
Your spell library contained the following spells:

 Spells                   Type           Power      Damage    Failure   Level
 Apportation              Tloc           16%        N/A       36%         1
 Necrotise                Necr           4%         1d4       75%         1
 Summon Small Mammal      Summ           4%         N/A       75%         1
 Gell's Gravitas          Tloc           8%         N/A       75%         3
 Lesser Beckoning         Tloc           8%         N/A       75%         3
 Teleport Other           Tloc           8%         N/A       75%         3
 Tukima's Dance           Hex            1%         N/A       98%         3
 Passage of Golubria      Tloc           8%         N/A       98%         4
 Manifold Assault         Tloc           8%         N/A       100%        5
 Yara's Violent Unravell  Hex/Tmut       0%         3d3       100%        5
 Blink                    Tloc           Unusable   N/A       N/A         2

Dungeon Overview and Level Annotations

Branches:
Dungeon (6/15)
 Temple: D:4-7

Altars:
Nemelex Xobeh

Shops:
D:1 !


Innate Abilities, Weirdness & Mutations

You cannot be hasted, slowed, berserked, paralysed or teleported.
You can dig through walls and to a lower floor.
You have a pair of large antennae on your head. (SInv)
Your four strong arms can wield two-handed weapons with a shield.


Message History

You barely miss the iguana.
The iguana is moderately wounded.
You block the iguana's attack. x2
You hit the iguana.
The iguana is heavily wounded.
The iguana barely misses you.
You barely miss the iguana.
The iguana is heavily wounded.
You block the iguana's attack.
You hit the iguana but do no damage.
The iguana is heavily wounded.
The iguana barely misses you.
You hit the iguana.
The iguana is almost dead.
The iguana barely misses you.
You hit the iguana but do no damage.
The iguana is almost dead.
The iguana barely misses you.
You completely miss the iguana.
The iguana is almost dead.
The iguana bites you!
* * * LOW HITPOINT WARNING * * *
You closely miss the iguana.
The iguana is almost dead.
The iguana bites you.
* * * LOW HITPOINT WARNING * * *
The iguana barely misses you.
You closely miss the iguana.
The iguana is almost dead.
The iguana bites you but does no damage.
You barely miss the iguana.
The iguana is almost dead.
The iguana closely misses you.
You hit the iguana.
The iguana is almost dead.
You block the iguana's attack.
You barely miss the iguana.
The iguana is almost dead.
The iguana bites you!
You die...

.......>...#
#.........##
#........##
##.......#
#........####
...#..#.....##
#.##..#......#
##
#..)......##
###.@......#
#.l.......#
#...........#
#.......#...#
.........#####
..........#
#...##.....#
##.. .....##


You could see an iguana.

Vanquished Creatures
  Jessica (D:2)
  An orc wizard (D:3)
  3 adders
  A white imp (D:5)
  3 worms (D:3)
  8 orcs
  4 ball pythons
  3 endoplasms
  A giant cockroach (D:2)
  5 goblins
  8 hobgoblins
  7 jackals
  8 kobolds
  4 quokkas
  2 bats (D:1)
  5 frilled lizards
  6 rats
70 creatures vanquished.

Notes
Turn   | Place    | Note
-------+----------+-------------------------------------------
     0 | D:1      | mopl the Formicid Warper began the quest for the Orb.
     0 | D:1      | Reached XP level 1. HP: 16/16 MP: 3/3
    99 | D:1      | Reached XP level 2. HP: 16/22 MP: 5/5
   158 | D:1      | Found Myast's Distillery.
   172 | D:1      | Bought a potion of degeneration for 11 gold pieces
   335 | D:1      | Reached skill level 3 in Axes
   498 | D:1      | Reached XP level 3. HP: 27/27 MP: 6/6
   677 | D:2      | Noticed Jessica
   686 | D:2      | Killed Jessica
   687 | D:2      | Reached skill level 4 in Axes
   687 | D:2      | Reached XP level 4. HP: 18/33 MP: 7/7
  1154 | D:2      | Found a faded altar of an unknown god.
  1947 | D:1      | Bought a potion of curing for 33 gold pieces
  2206 | D:3      | Reached XP level 5. HP: 38/38 MP: 8/8
  2535 | D:3      | Reached skill level 5 in Axes
  2686 | D:3      | Reached skill level 1 in Shields
  2891 | D:3      | You fall into a shaft and drop 3 floors!
  2937 | D:6      | Noticed a steam dragon
  2938 | D:6      | Found a sparkling altar of Nemelex Xobeh.
  2944 | D:5      | Entered Level 5 of the Dungeon
  2981 | D:5      | Slain by an iguana

Illustrated notes

Levels and vault maps discovered:
D:1:      minmay_arrival_pointy, layout_rooms, serial_shops, shop_statue
D:2:      layout_loops_corners, shapermc_ecumenical_altar_mp_highgroup,
          uniq_jessica
D:3:      layout_rooms, mainiacjoe_overflow_alcove_2, kennysheep_generic_room_12
D:5:      layout_cave_pools, serial_shops, nicolae_take_the_stairs,
          minmay_gold_behind_fungi
D:6:      lemuel_ratsnest, layout_basic, mainiacjoe_overflow_catch_the_wave,
          chequers_serial_rivers_small_3, kennysheep_decorative_pillar,
          minmay_crystal_water, uniq_sigmund

Skill      XL: |  1  2  3  4  5 |
---------------+----------------+-----
Axes           | 3 4 5 |  5.3
Shields        | 1 |  1.8
Fighting       | |  2.1
Throwing       | |  1.0
Armour         | |  1.1
Dodging        | |  1.7
Spellcasting   | |  2.1
Translocations | |  2.6

Action                   |  1- 3 |  4- 6 || total
-------------------------+-------+-------++-------
Melee: Hand axe          |    59 |   167 ||   226
       Punch             |     1 |       ||     1
Armor: Ring mail         |    22 |    47 ||    69
Dodge: Dodged            |    46 |    88 ||   134
Block: Buckler           |     6 |    14 ||    20
       Kite shield       |       |    27 ||    27
